 Dungeon Crawl Stone Soup version 0.18.1-50-g88ac8fd (webtiles) character file.

1263 wolfsongas the Skirmisher (level 8, 0/81 HPs)
             Began as a Demonspawn Chaos Knight on May 1, 2017.
             Slain by steamhare's ghost (1 damage)
             ... on level 6 of the Dungeon.
             The game lasted 00:20:17 (3159 turns).

wolfsongas the Skirmisher (Demonspawn Chaos Knight) Turns: 3159, Time: 00:20:18

Health: 0/81       AC:  8    Str: 18    XL:     8   Next: 27%
Magic:  8/8        EV:  9    Int: 14    God:    Xom [....*.]
Gold:   571        SH:  0    Dex: 14    Spells: 0 memorised, 7 levels left

rFire  + . .     SeeInvis .     (weapon currently unavailable)
rCold  x . .     Gourm    .     (armour currently unavailable)
rNeg   . . .     Faith    .     (shield currently unavailable)
rPois  +         Spirit   .     (helmet currently unavailable)
rElec  .         Dismiss  .     (cloak currently unavailable)
rCorr  .         Reflect  .     (gloves currently unavailable)
SustAt .         Harm     .     (boots currently unavailable)
MR     .....                    o - amulet of magic regeneration
Stlth  +.........               g - ring of fire
                                h - +3 ring of strength

@: confused, hydra-form (expiring), flying, not resistant to hostile
enchantments, very unstealthy
A: (antennae 0), (thin metallic scales 0), agile 1, (spiny 0)
a: Renounce Religion


You were on level 6 of the Dungeon.
You worshipped Xom.
You were a beloved toy of Xom.
You were not hungry.
You were a five-headed hydra.
You visited 1 branch of the dungeon, and saw 6 of its levels.

You collected 571 gold pieces.

Inventory:

Hand Weapons
 a - a +2 spear of protection (melded)
 l - a +0 spear of flaming
 m - a +0 short sword
 q - a +0 dagger of venom
 y - a +0 vampiric war axe
 A - a cursed -1 trident
Armour
 b - a +3 leather armour
 d - a +0 leather armour
 i - a +0 ring mail
 k - a +0 plate armour
 t - a +0 plate armour (melded)
Jewellery
 f - an uncursed ring of resist corrosion
 g - a ring of fire (right foreclaw)
 h - a +3 ring of strength (left foreclaw)
 o - an amulet of magic regeneration (around neck)
 u - a cursed ring of teleportation
 w - a +3 ring of intelligence
Scrolls
 n - 3 scrolls of teleportation
 p - a scroll of fear
 v - a scroll of remove curse
Potions
 e - a potion of cure mutation
 s - 2 potions of flight
 x - a potion of ambrosia
 z - a potion of berserk rage {unknown}
 B - a potion of brilliance {unknown}
 C - a potion of agility {unknown}
Comestibles
 c - 3 bread rations
 j - 4 meat rations
 r - a beef jerky


   Skills:
 + Level 5.4 Fighting
 + Level 5.4 Polearms
 + Level 5.2 Armour
 + Level 3.6 Dodging
 + Level 2.0 Stealth
 + Level 0.1 Unarmed Combat


You had 7 spell levels left.
You didn't know any spells.

Dungeon Overview and Level Annotations

Branches:
Dungeon (6/15)             Temple (0/1) D:6

Altars:
Trog
Xom

Annotations:
D:6 steamhare's ghost, novice HuCj


Innate Abilities, Weirdness & Mutations

((You have a pair of small antennae on your head.))
((You are completely covered in thin metallic scales (AC +4, rElec).))
((You are mostly covered in sharp spines.))
You are agile. (Dex +2)


Message History

You bump into the rock wall.
Steamhare's ghost hits you but does no damage.
Drink which item? (? for menu, Esc to quit)
It was a potion of flight.
You feel very buoyant.
You fly up into the air.
Xom roars with laughter!
Steamhare's ghost grins evilly.
Steamhare's ghost points at you and mumbles some strange words.
The spray of energy hits you!
* * * LOW HITPOINT WARNING * * *
You are more confused.
Steamhare's ghost hits you but does no damage.
Things that are here:
a scythe; a robe; 2 scrolls of enchant armour Steamhare's ghost hits you.
* * * LOW HITPOINT WARNING * * *
Steamhare's ghost freezes you.
You die...
Xom howls with laughter!

.....#.. ..
.......# #.
......## #.
......# ##.####
......# #.....##
.....^###
#......#
........#
#..../.#
.....$#.#
#...)..#
#####.#.#
##..DW.# #.#.#
####).# #.#.#
#.## #†#.# #.#
##.#.#########.#
#....##........#
#..#.....########
....###....# ###.
#..#.##


You could see steamhare's ghost.

Vanquished Creatures
  Grinder (D:6)
  Sigmund (D:6)
  The ghost of wolfsongas the Cutter, an amateur MiWn (D:4)
  Duvessa (D:6)
  An orc warrior (D:6)
  Dowan (D:6)
  A howler monkey (D:4)
  2 crimson imps (D:6)
  A centaur zombie (D:5)
  A quasit (D:5)
  A giant frog zombie (D:6)
  2 hounds (D:4)
  A centaur skeleton (D:6)
  A giant frog skeleton (D:4)
  3 worker ants
  A killer bee zombie (D:5)
  A hound skeleton (D:4)
  Robin (D:4)
  4 gnolls (D:3)
  6 adders
  A shadow imp (D:5)
  An adder zombie (D:5)
  2 worms
  2 dart slugs
  5 giant geckos
  2 orcs
  13 bats
  2 giant cockroaches (D:2)
  17 goblins
  9 hobgoblins
  4 jackals (D:5)
  3 quokkas
  4 giant newts
  5 kobolds
  7 rats
109 creatures vanquished.

Vanquished Creatures (collateral kills)
  An adder (D:6)
1 creature vanquished.

Vanquished Creatures (others)
  A crimson imp (D:5)
  3 orcs (D:6)
4 creatures vanquished.

Grand Total: 114 creatures vanquished

Notes
Turn   | Place    | Note
--------------------------------------------------------------
     0 | D:1      | wolfsongas the Demonspawn Chaos Knight began the quest for the Orb.
     0 | D:1      | Reached XP level 1. HP: 18/18 MP: 1/1
    37 | D:1      | XOM: smoke on damage
    59 | D:1      | XOM: harmless Summ miscast
    85 | D:1      | Gained mutation: You are partially covered in sharp spines. [demonic ancestry]
    85 | D:1      | Reached XP level 2. HP: 17/24 MP: 2/2
   161 | D:1      | XOM: harmless Necr miscast
   174 | D:1      | Reached skill level 1 in Dodging
   296 | D:1      | XOM: potion effect (agility)
   311 | D:1      | Gained mutation: You are mostly covered in sharp spines. [demonic ancestry]
   311 | D:1      | Reached XP level 3. HP: 29/29 MP: 3/3
   538 | D:1      | XOM: harmless Summ miscast
   785 | D:2      | Reached XP level 4. HP: 36/36 MP: 4/4
  1104 | D:3      | Found a shimmering altar of Xom.
  1106 | D:3      | Found a shimmering altar of Xom.
  1137 | D:3      | Found a shimmering altar of Xom.
  1138 | D:3      | Found a shimmering altar of Xom.
  1139 | D:3      | Found a shimmering altar of Xom.
  1139 | D:3      | Found a shimmering altar of Xom.
  1160 | D:3      | You fall through a shaft!
  1176 | D:4      | Gained mutation: You are partially covered in thin metallic scales (AC +2). [demonic ancestry]
  1176 | D:4      | Reached XP level 5. HP: 29/42 MP: 5/5
  1189 | D:4      | Noticed wolfsongas's ghost (amateur MiWn)
  1198 | D:4      | XOM: potion effect (agility)
  1203 | D:4      | XOM: butterfly on damage
  1204 | D:4      | Killed wolfsongas's ghost
  1204 | D:4      | Gained mutation: You are mostly covered in thin metallic scales (AC +3). [demonic ancestry]
  1204 | D:4      | Reached XP level 6. HP: 6/48 MP: 6/6
  1205 | D:4      | Gained mutation: You are agile. (Dex +2) [potion of mutation]
  1205 | D:4      | Gained mutation: You are completely covered in thin metallic scales (AC +4, rElec). [potion of mutation]
  1257 | D:4      | XOM: god gift: scroll labeled YRACAESYASCH
  1419 | D:4      | Noticed Robin
  1424 | D:4      | Killed Robin
  1574 | D:4      | XOM: fog
  1575 | D:4      | Reached skill level 1 in Stealth
  1810 | D:4      | XOM: cast spell 'Ice Form'
  1920 | D:4      | XOM: fog
  1949 | D:5      | Entered Level 5 of the Dungeon
  2110 | D:5      | XOM: divine lightning (protected)
  2158 | D:5      | Gained mutation: You have a pair of small antennae on your head. [demonic ancestry]
  2158 | D:5      | Reached XP level 7. HP: 45/55 MP: 7/7
  2189 | D:5      | Found a bloodstained altar of Trog.
  2278 | D:5      | XOM: god gift: 400 gold pieces
  2471 | D:5      | XOM: polymorph crimson imp -> shadow imp
  2678 | D:6      | XOM: scenery: create altars
  2680 | D:6      | XOM: divine lightning (protected)
  2700 | D:6      | Found a staircase to the Ecumenical Temple.
  2721 | D:6      | Noticed Duvessa
  2722 | D:6      | Noticed Dowan
  2733 | D:6      | Killed Duvessa
  2734 | D:6      | XOM: scenery: create altars
  2740 | D:6      | Killed Dowan
  2791 | D:6      | Noticed Grinder
  2793 | D:6      | Paralysed by Grinder for 6 turns
  2796 | D:6      | XOM: summons friendly white imp
  2810 | D:6      | XOM: swap monsters
  2827 | D:6      | Killed Grinder
  2827 | D:6      | Reached skill level 5 in Fighting
  2827 | D:6      | Reached skill level 5 in Polearms
  2907 | D:6      | XOM: summons friendly shadow imp
  2913 | D:6      | Reached XP level 8. HP: 57/62 MP: 8/8
  3108 | D:6      | Reached skill level 5 in Armour
  3128 | D:6      | Noticed Sigmund
  3130 | D:6      | Noticed steamhare's ghost (novice HuCj)
  3130 | D:6      | XOM: enchant monster (good)
  3138 | D:6      | XOM: cast spell 'Hydra Form'
  3147 | D:6      | Killed Sigmund
  3157 | D:6      | HP: 4/81 [steamhare's ghost/spray of energy (8)]
  3159 | D:6      | HP: 1/81 [steamhare's ghost (3)]
  3159 | D:6      | Slain by steamhare's ghost

Skill      XL: |  1  2  3  4  5  6  7  8 |
---------------+-------------------------+-----
Polearms       | 3 4 5 |  5.4
Armour         | 2 3 4 5 |  5.2
Dodging        | 1 2 3 |  3.6
Fighting       | 4 5 |  5.4
Stealth        | 1 2 |  2.0
Unarmed Combat | |  0.1

Action                   |  1- 3 |  4- 6 |  7- 9 || total
-------------------------+-------+-------+-------++-------
Melee: Spear             |    59 |    80 |    78 ||   217
       Unarmed           |       |       |     9 ||     9
  Use: Scroll            |     6 |     6 |     7 ||    19
       Potion            |     5 |     1 |     3 ||     9
 Stab: Confused          |       |       |     1 ||     1
       Paralysed         |       |       |     2 ||     2
  Eat: Meat ration       |       |     1 |       ||     1
       Beef jerky        |       |       |     2 ||     2
Armor: Leather armour    |    36 |     1 |       ||    37
       Plate armour      |       |    38 |    40 ||    78
       Skin              |       |       |     8 ||     8
Dodge: Dodged            |    48 |    23 |    28 ||    99
